 Dungeon Crawl Stone Soup version 0.19.1 (webtiles) character file.

1130 Keat the Archer (level 8, -8/54 HPs)
             Began as a High Elf Hunter on Dec 16, 2016.
             Was a Believer of Dithmenos.
             Mangled by an orc warrior
             ... wielding a +0 short sword
              (13 damage)
             ... on level 6 of the Dungeon.
             The game lasted 00:28:43 (5581 turns).

Keat the Archer (High Elf Hunter)                   Turns: 5581, Time: 00:28:43

Health: -8/54      AC:  3    Str: 10 (11) XL:     8   Next: 13%
Magic:  9/9        EV: 13    Int: 12 (15) God:    Dithmenos [**....]
Gold:   369        SH:  0    Dex: 17 (18) Spells: 0 memorised, 7 levels left

rFire  . . .     SeeInvis .     a - +3 shortbow
rCold  . . .     Gourm    +     c - +0 leather armour
rNeg   . . .     Faith    .     (shield currently unavailable)
rPois  .         Spirit   .     (no helmet)
rElec  .         Reflect  .     (no cloak)
rCorr  .         Harm     .     (no gloves)
MR     .....                    (no boots)
Stlth  +++.......               F - amulet of the gourmand
                                (no ring)
                                g - +3 ring of slaying

@: exhausted, slowed, wreathed by umbra, very slow
A: no striking features
a: Shadow Step, Renounce Religion


You were on level 6 of the Dungeon.
You worshipped Dithmenos.
Dithmenos was pleased with you.
You were not hungry.

You visited 1 branch of the dungeon, and saw 6 of its levels.

You collected 369 gold pieces.

Inventory:

Hand Weapons
 a - a +3 shortbow (weapon)
 b - a +0 short sword
 i - a +0 dagger
 w - a +0 mace of crushing
Missiles
 d - 73 arrows (quivered)
Armour
 c - a +0 leather armour (worn)
 m - a +0 ring mail
 u - a +2 shield
Jewellery
 g - a +3 ring of slaying (left hand)
 y - a cursed ring of teleportation {unknown}
 F - an amulet of the gourmand (around neck)
Wands
 q - a wand of lightning (8/15)
 B - a wand of iceblast (9/15)
 C - a wand of lightning (7/15)
Scrolls
 l - 2 scrolls of fog
 o - 2 scrolls of fear
 r - a scroll of remove curse
 s - a scroll of teleportation {unknown}
 t - a scroll of random uselessness {unknown}
 v - 4 scrolls of recharging
 D - 3 scrolls of magic mapping
Potions
 e - 3 potions of degeneration
 j - 2 potions of berserk rage
 n - 2 potions of flight {unknown}
 p - 2 potions of cure mutation {unknown}
 x - 2 potions of ambrosia {unknown}
 z - a potion of heal wounds {unknown}
 A - a potion of brilliance {unknown}
 H - a potion of curing {unknown}
 I - a potion of cancellation {unknown}
 J - a potion of mutation {unknown}
Comestibles
 f - a bread ration
 h - 2 beef jerkies
 k - 4 meat rations
 E - a slice of pizza
 G - a royal jelly


   Skills:
 + Level 4.2 Fighting
 + Level 2.1 Short Blades
 + Level 10.7 Bows
 + Level 2.7 Armour
 + Level 3.1 Dodging
 + Level 2.7 Stealth


You had 7 spell levels left.
You didn't know any spells.

Dungeon Overview and Level Annotations

Branches:
Dungeon (6/15)
 Temple: D:4-7

Altars:
Ashenzari
Cheibriados
Dithmenos
Elyvilon
Fedhas
Okawaru
Qazlal
Uskayaw
Xom
Zin


Message History

It was a potion of berserk rage.
A red film seems to cover your vision as you go berserk!
You feel yourself moving faster!
You feel mighty!
You feel a strong urge to attack something.
The bat barely misses you. The orc warrior completely misses you.
The bat misses you.
You feel your anger subside.
You are no longer berserk.
You are exhausted.
You feel yourself slow down. The bat closely misses you.
The bat hits you but does no damage. The bat misses you.
The orc warrior barely misses you. The bat hits you but does no damage.
The bat hits you but does no damage. The bat misses you.
The orc wizard gestures wildly while chanting.
The orc wizard seems to speed up.
The orc warrior closely misses you. The orc warrior barely misses you.
The orc warrior hits you with a short sword!
You die...

#.# #.## ##### #...
#...##### #######.##
#[#.....# ####.........
#.#..##.### #......###.#.
#.#.....ob# #......+...#.
#§#..#.##o#####(.....###.#.
#o#....##.@.........<....##
#§#..################....#
#§#..# ###### #§#### #b#
#>o)bo... #.####((( #.# ###


You could see an orc warrior, an orc wizard and a bat.

Vanquished Creatures
  The ghost of Peloso the Shield-Bearer, an amateur HaFi (D:3)
  2 ice beasts (D:5)
  An ogre (D:5)
  A centaur (D:5)
  A vampire bat (D:6)
  2 howler monkeys
  A crimson imp (D:5)
  3 hounds
  An orc priest (D:5)
  3 orc wizards
  2 worker ants (D:4)
  11 adders
  4 gnolls (D:2)
  A shadow imp (D:5)
  An ooze (D:2)
  6 worms
  A dart slug (D:3)
  4 leopard geckos
  10 orcs
  3 giant cockroaches
  8 goblins
  9 hobgoblins
  5 jackals (D:1)
  2 quokkas
  3 ball pythons
  5 bats
  7 frilled lizards
  5 kobolds
  4 rats
107 creatures vanquished.

Notes
Turn   | Place    | Note
-------+----------+-------------------------------------------
     0 | D:1      | Keat the High Elf Hunter began the quest for the Orb.
     0 | D:1      | Reached XP level 1. HP: 14/14 MP: 2/2
   621 | D:1      | Reached XP level 2. HP: 19/19 MP: 3/3
   969 | D:1      | Reached skill level 6 in Bows
  1384 | D:1      | Reached XP level 3. HP: 25/25 MP: 4/4
  1670 | D:2      | Found a shadowy altar of Dithmenos.
  1710 | D:2      | Became a worshipper of Dithmenos the Shadowed
  1808 | D:2      | Reached XP level 4. HP: 9/30 MP: 5/5
  2057 | D:2      | Reached skill level 1 in Short Blades
  2148 | D:2      | Reached skill level 7 in Bows
  2277 | D:2      | Reached skill level 1 in Armour
  2609 | D:2      | Found an iron altar of Okawaru.
  2745 | D:3      | Reached XP level 5. HP: 35/35 MP: 6/6
  2782 | D:3      | Found a blossoming altar of Fedhas.
  2797 | D:3      | Noticed Peloso's ghost (amateur HaFi)
  2810 | D:3      | Killed Peloso's ghost
  2810 | D:3      | Reached skill level 8 in Bows
  2894 | D:3      | Reached * piety under Dithmenos
  2894 | D:3      | Reached XP level 6. HP: 41/41 MP: 7/7
  3435 | D:3      | Found a hide-covered altar of Uskayaw.
  3706 | D:4      | Found a shimmering altar of Xom.
  4098 | D:4      | Reached skill level 9 in Bows
  4428 | D:4      | Reached XP level 7. HP: 46/46 MP: 8/8
  4581 | D:5      | Entered Level 5 of the Dungeon
  4820 | D:5      | Reached ** piety under Dithmenos
  4878 | D:5      | Found a white marble altar of Elyvilon.
  4932 | D:5      | Found a snail-covered altar of Cheibriados.
  4968 | D:5      | Found a shimmering altar of Xom.
  4983 | D:5      | Reached skill level 10 in Bows
  4985 | D:5      | Found a glowing silver altar of Zin.
  4985 | D:5      | Found a snail-covered altar of Cheibriados.
  4985 | D:5      | Found a shattered altar of Ashenzari.
  4994 | D:5      | Found a stormy altar of Qazlal.
  5297 | D:5      | Reached XP level 8. HP: 50/54 MP: 9/9
  5566 | D:6      | HP: 1/54 [orc warrior/short sword (7)]
  5581 | D:6      | Mangled by an orc warrior

Skill      XL: |  1  2  3  4  5  6  7  8 |
---------------+-------------------------+-----
Bows           | 6 7 8 9 10 | 10.7
Short Blades   | 1 2 |  2.1
Armour         | 1 2 |  2.7
Fighting       | 3 4 |  4.2
Stealth        | 2 |  2.7
Dodging        | 3 |  3.1

Action                   |  1- 3 |  4- 6 |  7- 9 || total
-------------------------+-------+-------+-------++-------
Melee: Short sword       |    18 |    11 |       ||    29
 Fire: Shortbow          |    81 |   139 |    75 ||   295
  Use: Scroll            |     4 |     3 |     5 ||    12
       Potion            |       |       |     2 ||     2
  Eat: Chunk             |     1 |       |       ||     1
       Bread ration      |     1 |     2 |       ||     3
Armor: Leather armour    |     8 |     5 |     4 ||    17
Dodge: Dodged            |    46 |    23 |    20 ||    89
